 Dungeon Crawl Stone Soup version 0.16-a0-2979-g562a0a4 (webtiles) character file.

18668 Ratboiler the Cruncher (level 12, -4/103 HPs)
             Began as a Mottled Draconian Wanderer on Dec 5, 2014.
             Was a High Priest of Okawaru.
             Slain by a sixfirhy (13 damage)
             ... summoned by an orc high priest
             ... on level 4 of the Orcish Mines.
             The game lasted 01:00:32 (25091 turns).

Ratboiler the Cruncher (DrWn)                      Turns: 25091, Time: 01:00:32

Health: -4/103     AC: 12    Str: 16    XL:     12   Next: 29%
Magic:  22/22      EV: 22    Int: 18    God:    Okawaru [*****.]
Gold:   859        SH:  0    Dex: 15    Spells: 0 memorised, 11 levels left

rFire  . . .     SeeInvis +     a - +6 Majin-Bo {vamp, Archmagi, MP+6 Int+6}
rCold  . . .     Clarity  .     (armour unavailable)
rNeg   . . .     SustAb   .     (no shield)
rPois  .         Gourm    .     N - +0 hat
rElec  .         Spirit   .     l - +0 cloak
rCorr  .         Warding  .     Z - +0 pair of gloves
rMut   .         Stasis   .     e - +1 pair of boots
MR     .....                    (no amulet)
Stlth  ++........               n - ring of see invisible
                                U - +2 ring of evasion

@: very slightly contaminated, hasted, studying 2 skills, very quick, not
resistant to hostile enchantments, unstealthy
A: breathe sticky flames, unfitting armour, cold-blooded, AC +8
a: Breathe Sticky Flame, Heroism, Finesse, Renounce Religion


You were on level 4 of the Orcish Mines.
You worshipped Okawaru.
Okawaru was extremely pleased with you.
You were not hungry.

You visited 4 branches of the dungeon, and saw 20 of its levels.
You also visited: Labyrinth.

You collected 1780 gold pieces.
You spent 921 gold pieces at shops.

Inventory:

Hand weapons
 a - the +6 Majin-Bo (weapon) {vamp, Archmagi, MP+6 Int+6}
   (You bought it in a shop on level 6 of the Dungeon)

   It inflicts no extra harm, but heals its wielder somewhat when it strikes a
   living foe.
   It affects your intelligence (+6).
   It affects your magic capacity (+6).
 b - a +0 blowgun
 c - a +1 shortbow of flaming
Missiles
 i - 57 poisoned needles
 G - 154 arrows
 O - 8 tomahawks of dispersal (quivered)
Armour
 e - a +1 pair of boots (worn)
 l - a +0 cloak (worn)
 o - a +0 pair of boots of stealth
 N - a +0 hat (worn)
 Z - a +0 pair of gloves (worn)
Jewellery
 n - a ring of see invisible (right hand)
 s - an uncursed ring of teleportation
 K - an uncursed ring of invisibility
 Q - an uncursed ring of protection from magic
 U - a +2 ring of evasion (left hand)
Magical devices
 d - a wand of fire (8)
 j - a wand of frost (13)
 m - a wand of frost (29)
 t - a wand of slowing (0)
 D - a wand of teleportation (0)
 F - a wand of magic darts (18)
 M - a wand of random effects (5)
 V - a wand of fireball (2)
 W - a wand of flame (10)
Scrolls
 k - a scroll of brand weapon {unknown}
 r - a scroll of enchant armour
 v - 6 scrolls of remove curse
 y - 3 scrolls of amnesia
 J - 2 scrolls of immolation
 L - 2 scrolls of teleportation
 R - a scroll of fog {unknown}
 T - a scroll of fear
Potions
 h - 4 potions of restore abilities
 p - 3 potions of haste
 q - 7 potions of brilliance
 u - 2 potions of magic
 z - 4 potions of cancellation
 A - a potion of resistance
 H - 2 potions of invisibility
 I - 2 potions of ambrosia
 P - a potion of agility
Books
 w - a manual of Dodging
 x - a book of Dreams

   Spells                             Type                      Level
   a - Ensorcelled Hibernation        Hexes/Ice                    2
   b - Flight                         Charms/Air                   3
   c - Phase Shift                    Translocation                5
   d - Shadow Creatures               Summoning                    5
   e - Mass Confusion                 Hexes                        6
   f - Darkness                       Hexes                        7
 C - a book of Maledictions

   Spells                             Type                      Level
   a - Corona                         Hexes                        1
   b - Sure Blade                     Hexes/Charms                 2
   c - Ensorcelled Hibernation        Hexes/Ice                    2
   d - Confuse                        Hexes                        3
   e - Dazzling Spray                 Conjuration/Hexes            3
   f - Enslavement                    Hexes                        4
 X - a manual of Charms
 Y - a book of Summonings

   Spells                             Type                      Level
   a - Abjuration                     Summoning                    3
   b - Recall                         Summoning/Translocation      3
   c - Shadow Creatures               Summoning                    5
   d - Summon Demon                   Summoning                    5
   e - Summon Forest                  Summoning/Translocation      5
   f - Monstrous Menagerie            Summoning                    6
Comestibles
 f - 5 bread rations
 g - a meat ration


   Skills:
 - Level 8.9 Fighting
 - Level 14.0 Staves
 * Level 12.8 Dodging
 - Level 1.0 Stealth
   Level 1.0 Shields
 - Level 2.1 Invocations
 - Level 1.0 Evocations


You had 11 spell levels left.
You didn't know any spells.

Dungeon Overview and Level Annotations

Branches:
Dungeon (11/15)            Temple (1/1) D:4            Lair (4/8) D:10
    Orc (4/4) D:10
  Swamp: Lair:3-6    Shoals: Lair:3-6     Snake: Lair:3-6    Spider: Lair:3-6
    Elf: Orc:3-4

Altars:
Ashenzari
Cheibriados
Dithmenos
Elyvilon
Fedhas
Gozag
Kikubaaqudgha
Makhleb
Nemelex Xobeh
Okawaru
Qazlal
Ru
Trog
Vehumet
Xom
Yredelemnul
Zin
The Shining One

Shops:
D:6 ((   Orc:4 *(([

Annotations:
D:10 exclusion: 3 doors
Lair:1 exclusion: oklob plant, Gastronok


Innate Abilities, Weirdness & Mutations

You can spit globs of burning liquid.
You can ignite nearby creatures when you spit burning liquid.
Your weird mottled scales are hard (AC +8).
Your body does not fit into most forms of armour.
Your cold-blooded metabolism reacts poorly to cold.


Message History

* * * LOW HITPOINT WARNING * * *
The sixfirhy shocks you!
* * * LOW HITPOINT WARNING * * *
The sixfirhy hits you but does no damage.
Evoke which item? (* to show all) (? for menu, Esc to quit)
Okay, then.
Read which item? (? for menu, Esc to quit)
Okay, then.
Read which item? (? for menu, Esc to quit)
Okay, then.
Drink which item? (? for menu, Esc to quit)
You feel better. The sixfirhy closely misses you. The sixfirhy hits you.
* * * LOW HITPOINT WARNING * * *
The sixfirhy shocks you!
* * * LOW HITPOINT WARNING * * *
The sixfirhy completely misses you. The sixfirhy misses you. x2
The sixfirhy completely misses you. The sixfirhy hits you!
You die...

### ##### ##### ###.#####...##
##.#.####.
##....#.#.....###.....#... ###
####..............##.........
#.###.###.#..........#...........
.......#.......)...............#.
#.........................)......
####........4..4@<...(...))......
#.................((..........
#..............#..............
#........##...................
#.........#..........._.......
#......#......................
##...........#................
#......)...................#.
##............................


You could see 2 sixfirhies.

Vanquished Creatures
  Snorg (Orc:1)
  A minotaur (Lab)
  Erolcha (Orc:1)
  Maurice (Orc:1)
  Joseph (D:9)
  2 gargoyles (Lab)
  4 spiny frogs
  4 trolls
  Prince Ribbit (D:9)
  6 blink frogs
  A trapdoor spider (Lab)
  A basilisk (Lair:3)
  15 yaks
  2 hungry ghosts
  Eustachio (D:6)
  A deep elf fighter (D:9)
  2 steam dragons (D:7)
  A warg (Orc:1)
  A hippogriff (Lair:4)
  3 porcupines
  5 wolves
  12 orc warriors
  3 water moccasins
  4 ice beasts
  3 sky beasts
  A yellow wasp (D:10)
  2 phantoms
  7 centaurs
  2 necrophages
  5 ogres
  7 crocodiles
  Sigmund (D:6)
  8 giant frogs
  A big kobold (D:7)
  Blork the orc (D:5)
  2 scorpions
  The ghost of Ratboiler the Cudgeler, a weakling OgWn (D:3)
  A killer bee (D:7)
  3 wights (D:9)
  2 centaur skeletons
  A giant frog zombie (D:5)
  A giant frog skeleton (D:5)
  A jelly (D:8)
  4 crimson imps
  16 orc priests
  8 hounds
  6 iguanas
  17 orc wizards
  6 worker ants
  Natasha (twice) (D:6)
  5 orange rats (Lair:3)
  6 sheep (Lair:3)
  A killer bee zombie (D:8)
  Ijyb (D:6)
  A hound skeleton (D:9)
  A hound zombie (D:5)
  A worker ant zombie (D:9)
  14 adders
  9 river rats (Lair:3)
  2 giant mites
  6 gnolls
  A shadow imp (D:6)
  A white imp (D:6)
  4 worms
  An adder skeleton (D:8)
  8 giant geckos
  An ooze (D:6)
  123 orcs
  2 ball pythons
  A bat skeleton (D:6)
  4 giant cockroaches
  14 goblins
  27 hobgoblins
  8 jackals
  15 kobolds
  6 quokkas
  18 bats
  A giant gecko zombie (D:7)
  3 giant newts
  A jackal zombie (D:5)
  A quokka zombie (D:6)
  18 rats
  17 ballistomycetes (D:7)
505 creatures vanquished.

Vanquished Creatures (others)
  An orc (Orc:1)
  A giant spore (D:7)
  A plant (Lair:3)
3 creatures vanquished.

Grand Total: 508 creatures vanquished

Notes
Turn   | Place    | Note
--------------------------------------------------------------
     0 | D:1      | Ratboiler, the Draconian Wanderer, began the quest for the Orb.
     0 | D:1      | Ratboiler set off with: a +2 quarterstaff, a +0 spear, a wand of random effects (15), a bread ration
     0 | D:1      | Reached XP level 1. HP: 19/19 MP: 1/1
   310 | D:1      | Found a glowing golden altar of the Shining One.
   439 | D:1      | Reached XP level 2. HP: 26/26 MP: 2/2
   930 | D:1      | Reached XP level 3. HP: 31/31 MP: 3/3
  1187 | D:2      | Found an opulent altar of Gozag.
  1674 | D:2      | Reached skill level 4 in Staves
  1674 | D:2      | Reached XP level 4. HP: 30/38 MP: 4/4
  2334 | D:3      | Noticed Ratboiler's ghost (weakling OgWn)
  2926 | D:3      | Killed Ratboiler's ghost
  2926 | D:3      | Reached skill level 5 in Staves
  2926 | D:3      | Reached XP level 5. HP: 34/45 MP: 5/5
  3257 | D:4      | Found a staircase to the Ecumenical Temple.
  3282 | Temple   | Entered the Ecumenical Temple
  3468 | Temple   | Became a worshipper of Warmaster Okawaru
  3569 | D:4      | Noticed an ogre
  3704 | D:4      | Killed an ogre
  3704 | D:4      | Reached skill level 6 in Staves
  3704 | D:4      | Reached XP level 6. HP: 51/51 MP: 7/7
  5063 | D:5      | Entered Level 5 of the Dungeon
  5068 | D:5      | Reached skill level 7 in Staves
  5211 | D:5      | Noticed Blork the orc
  5227 | D:5      | Killed Blork the orc
  5227 | D:5      | Your scales start taking on a weird mottled pattern.
  5227 | D:5      | Reached XP level 7. HP: 43/57 MP: 8/8
  5687 | D:5      | Acquired Okawaru's first power
  5867 | D:5      | Reached skill level 8 in Staves
  6147 | D:5      | Reached skill level 9 in Staves
  6321 | D:6      | Found Pickeqeill's Weapon Boutique.
  6321 | D:6      | Noticed Natasha
  6332 | D:6      | Killed Natasha
  6485 | D:6      | Reached XP level 8. HP: 57/63 MP: 9/9
  6539 | D:6      | Noticed Ijyb
  6551 | D:6      | Killed Ijyb
  6648 | D:6      | Noticed Eustachio
  6668 | D:6      | Killed Eustachio
  6868 | D:6      | Reached skill level 10 in Staves
  7082 | D:6      | Noticed Sigmund
  7111 | D:6      | Killed Sigmund
  7230 | D:6      | Found Khagaica's Weapon Emporium.
  7290 | D:6      | Noticed Natasha
  7297 | D:6      | Killed Natasha
  7641 | D:7      | Found a shattered altar of Ashenzari.
  8356 | D:8      | Reached skill level 1 in Invocations
  8615 | D:7      | Reached skill level 11 in Staves
  8629 | D:7      | Reached XP level 9. HP: 36/70 MP: 12/12
  9219 | D:8      | Reached skill level 12 in Staves
 10139 | D:8      | Found a white marble altar of Elyvilon.
 10427 | D:8      | Noticed a moth of wrath
 10430 | D:8      | Found a bloodstained altar of Trog.
 10658 | D:9      | Reached skill level 13 in Staves
 11303 | D:9      | Reached XP level 10. HP: 46/77 MP: 13/13
 12007 | D:9      | Reached skill level 14 in Staves
 12038 | D:9      | Noticed Joseph
 12055 | D:9      | Killed Joseph
 12273 | D:9      | Noticed Prince Ribbit
 12290 | D:9      | Killed Prince Ribbit
 12844 | D:9      | Found a stormy altar of Qazlal.
 13057 | D:10     | Entered Level 10 of the Dungeon
 13444 | D:10     | Reached skill level 5 in Dodging
 13483 | D:10     | Paralysed by a yellow wasp for 3 turns
 13778 | D:10     | Reached skill level 5 in Fighting
 13791 | D:10     | Noticed an eight-headed hydra
 14089 | D:10     | Found a staircase to the Lair.
 14096 | Lair:1   | Entered Level 1 of the Lair of Beasts
 14096 | Lair:1   | Noticed an oklob plant
 15054 | Lair:1   | Noticed Gastronok
 15647 | Lair:2   | Noticed a death yak
 15975 | Lair:1   | Reached XP level 11. HP: 54/89 MP: 14/14
 17782 | Lair:2   | You fall through a shaft!
 17822 | Lair:3   | Acquired Okawaru's second power
 18302 | Lair:3   | Received a gift from Okawaru
 18820 | Lair:3   | Noticed a five-headed hydra
 19209 | Lair:4   | Found a labyrinth entrance.
 19221 | Lab      | Entered a labyrinth
 20771 | Lab      | Noticed a minotaur
 20782 | Lab      | Killed a minotaur
 21155 | Lair:3   | Received a gift from Okawaru
 21171 | Lair:4   | Reached skill level 10 in Dodging
 21255 | Lair:4   | Identified a scroll of acquirement
 21460 | Lair:4   | Noticed a seven-headed hydra
 22217 | D:6      | Bought the +6 Majin-Bo {vamp, Archmagi, MP+6 Int+6} for 800 gold pieces
 22688 | D:10     | Found a staircase to the Orcish Mines.
 22709 | Orc:1    | Entered Level 1 of the Orcish Mines
 22715 | Orc:1    | Noticed Erolcha
 22738 | Orc:1    | Killed Erolcha
 22738 | Orc:1    | Reached XP level 12. HP: 46/103 MP: 16/16
 23259 | Orc:1    | Noticed Snorg
 23273 | Orc:1    | Killed Snorg
 23279 | Orc:1    | Noticed Maurice
 23650 | Orc:1    | Killed Maurice
 23922 | Orc:2    | Found a glowing golden altar of the Shining One.
 24485 | Orc:3    | Noticed an ettin
 24695 | Orc:4    | Entered Level 4 of the Orcish Mines
 24702 | Orc:4    | Found a burning altar of Makhleb.
 24825 | Orc:4    | Found Kuejiraa's Antique Weapon Emporium.
 24826 | Orc:4    | Found Skaehud's Armour Shop.
 24974 | Orc:4    | Found Feh Tuax's Antique Weapon Boutique.
 24988 | Orc:4    | Found Hamafful's Assorted Antiques.
 24993 | Orc:4    | Bought 2 metallic orange potions for 57 gold pieces
 24993 | Orc:4    | Bought a scroll labeled OKHLIO VI CRASU for 32 gold pieces
 24993 | Orc:4    | Bought a scroll labeled WUEPAI RURPH for 32 gold pieces
 25091 | Orc:4    | Slain by a sixfirhy

Action                   |  1- 3 |  4- 6 |  7- 9 | 10-12 || total
-------------------------+-------+-------+-------+-------++-------
Melee: Quarterstaff      |   114 |   195 |   535 |  1111 ||  1955
 Fire: Hunting sling     |       |       |       |     1 ||     1
Invok: Heroism           |       |       |     1 |    12 ||    13
 Abil: Breathe Sticky Fl |       |       |       |     4 ||     4
Evoke: Wand              |       |     8 |    15 |     8 ||    31
  Use: Scroll            |       |     7 |    10 |    16 ||    33
       Potion            |       |       |     3 |     9 ||    12
 Stab: Confused          |       |       |     1 |       ||     1
       Sleeping          |       |       |     1 |     3 ||     4
       Distracted        |       |       |     1 |     1 ||     2
  Eat: Chunk             |     2 |     9 |    15 |    12 ||    38
       Fruit             |       |     1 |     4 |       ||     5
       Pizza             |       |     1 |     1 |     8 ||    10
       Beef jerky        |       |       |     1 |       ||     1
       Meat ration       |       |       |       |     5 ||     5
       Bread ration      |       |       |       |     1 ||     1
